 Dungeon Crawl Stone Soup version 0.23.2-30-g0e89c35649 (webtiles) character file.

Game seed: 8396152487408636866

146524 Revguard the Severer (level 17, -5/133 HPs)
             Began as a Hill Orc Fighter on June 8, 2019.
             Was an Elder of the Shining One.
             Slain by a merfolk impaler
             ... wielding a +0 trident
              (9 damage)
             ... on level 4 of the Shoals on June 10, 2019.
             The game lasted 01:40:08 (23369 turns).

Revguard the Severer (Hill Orc Fighter)            Turns: 23369, Time: 01:40:08

Health: -5/133     AC: 27    Str: 28    XL:     17   Next: 44%
Magic:  24/27      EV:  4    Int:  8    God:    the Shining One [****..]
Gold:   1685       SH:  0    Dex: 18    Spells: 16/16 levels left

rFire    . . .     SeeInvis .   T - +3 war axe (venom)
rCold    + . .     Gourm    .   K - +0 large shield
rNeg     + + .     Faith    .   C - +4 plate armour {rC+}
rPois    .         Spirit   .   L - +0 helmet "Lulleli" {Dex+4}
rElec    +         Reflect  .   q - +2 cloak
rCorr    .         Harm     .   D - +0 pair of gloves
MR       +++..                  J - +0 pair of boots
Stlth    ..........             x - amulet of regeneration
HPRegen  1.12/turn              X - +2 ring of slaying
MPRegen  0.20/turn              p - +6 ring of strength

@: lethally poisoned (-5 -> -5), divine shield, marked, barbed spikes, held,
glowing
A: frail 1, magic resistance 2, regeneration 1, electricity resistance
a: Divine Shield, Cleansing Flame, Renounce Religion


You were on level 4 of the Shoals.
You worshipped the Shining One.
The Shining One was greatly pleased with you.
You were not hungry.

You visited 5 branches of the dungeon, and saw 28 of its levels.
You also visited: Sewer, Ossuary, Ice Cave and Volcano.

You collected 3151 gold pieces.
You spent 1466 gold pieces at shops.

Inventory:

Hand Weapons
 H - a +0 broad axe
 T - a +3 war axe of venom (weapon)
Armour
 q - a +2 cloak (worn)
 C - a +4 plate armour of cold resistance (worn)
 D - a +0 pair of gloves (worn)
 J - a +0 pair of boots (worn)
 K - a +0 large shield (worn)
 L - the +0 helmet "Lulleli" (worn) {Dex+4}
   (You found it on level 3 of the Lair of Beasts)

   It affects your dexterity (+4).
 M - +3 acid dragon scales
Jewellery
 j - an uncursed ring of protection from magic
 n - an uncursed ring of protection from fire
 o - an uncursed ring of poison resistance
 p - a +6 ring of strength (right hand)
 s - a +3 ring of dexterity
 x - an amulet of regeneration (around neck)
 z - an uncursed ring of resist corrosion
 X - a +2 ring of slaying (left hand)
Wands
 m - a wand of flame (34)
 N - a wand of enslavement (7)
 O - a wand of paralysis (19)
 S - a wand of polymorph (10)
Scrolls
 a - 2 scrolls of vulnerability
 c - 5 scrolls of immolation
 h - 4 scrolls of enchant weapon
 i - 8 scrolls of teleportation
 t - 8 scrolls of remove curse
 v - 10 scrolls of fear
 y - 5 scrolls of fog
 F - a scroll of summoning
 G - 6 scrolls of amnesia
 R - a scroll of acquirement
 Y - 2 scrolls of identify
Potions
 b - 5 potions of might
 d - a potion of magic
 e - 2 potions of mutation
 g - 9 potions of curing
 k - 3 potions of cancellation
 l - 7 potions of agility
 w - 6 potions of lignification
 A - 6 potions of invisibility
 B - a potion of flight
 E - 5 potions of haste
 I - 3 potions of resistance
 P - 2 potions of ambrosia
 Q - 5 potions of berserk rage
 U - 2 potions of brilliance
 V - a potion of heal wounds
Comestibles
 f - 48 rations


   Skills:
 + Level 12.9 Fighting
 + Level 17.6 Axes
 + Level 11.4 Armour
 + Level 3.5 Dodging
 + Level 17.3 Shields
 * Level 14.2 Invocations
 * Level 10.8 Evocations


You had 16 spell levels left.
You didn't know any spells.
Your spell library contained the following spells:

 Spells                   Type           Power        Failure   Level  Hunger
 Animate Skeleton         Necr           N/A          100%        1    ##.....
 Beastly Appendage        Tmut           #.....       100%        1    ##.....
 Corona                   Hex            #......      100%        1    ##.....
 Infusion                 Chrm           #...         100%        1    ##.....
 Magic Dart               Conj           #...         100%        1    ##.....
 Pain                     Necr           #...         100%        1    ##.....
 Shock                    Conj/Air       #...         100%        1    ##.....
 Blink                    Tloc           N/A          100%        2    ###....
 Call Imp                 Summ           #.......     100%        2    ###....
 Corpse Rot               Necr           N/A          100%        2    ###....
 Ensorcelled Hibernation  Hex/Ice        #.....       100%        2    ###....
 Searing Ray              Conj           #.....       100%        2    ###....
 Shroud of Golubria       Chrm/Tloc      #.........   100%        2    ###....
 Slow                     Hex            #.......     100%        2    ###....
 Song of Slaying          Chrm           #.......     100%        2    ###....
 Sticks to Snakes         Tmut           #.......     100%        2    ###....
 Swiftness                Chrm/Air       #.......     100%        2    ###....
 Confuse                  Hex            #.......     100%        3    ####...
 Conjure Flame            Conj/Fire      #.......     100%        3    ####...
 Dazzling Spray           Conj/Hex       #.....       100%        3    ####...
 Mephitic Cloud           Conj/Pois/Air  #.......     100%        3    ####...
 Regeneration             Chrm/Necr      #.........   100%        3    ####...
 Spectral Weapon          Hex/Chrm       #.......     100%        3    ####...
 Spider Form              Tmut/Pois      #.........   100%        3    ####...
 Static Discharge         Conj/Air       #.......     100%        3    ####...
 Stone Arrow              Conj/Erth      #.....       100%        3    ####...
 Tukima's Dance           Hex            #.......     100%        3    ####...
 Vampiric Draining        Necr           #.........   100%        3    ####...
 Airstrike                Air            #.........   100%        4    #####..
 Animate Dead             Necr           N/A          100%        4    #####..
 Force Lance              Conj/Tloc      #.......     100%        4    #####..
 Fulminant Prism          Conj/Hex       #.........   100%        4    #####..
 Ice Form                 Ice/Tmut       #.......     100%        4    #####..
 Iskenderun's Mystic Bla  Conj           #.......     100%        4    #####..
 Leda's Liquefaction      Hex/Erth       #.........   100%        4    #####..
 Blade Hands              Tmut           #.........   100%        5    ######.
 Lightning Bolt           Conj/Air       #.........   100%        5    ######.
 Summon Forest            Summ/Tloc      #.........   100%        5    ######.
 Hydra Form               Tmut           #.........   100%        6    #######
 Summon Hydra             Summ           #.........   100%        7    #######


Dungeon Overview and Level Annotations

Branches:
Dungeon (15/15)            Temple (1/1) D:7            Lair (6/6) D:11
 Shoals (4/4) Lair:2        Snake (0/4) Lair:3        Slime (0/5) Lair:5
    Orc (2/2) D:11            Elf (0/3) Orc:2        Vaults (0/5) D:13
 Depths (0/5) D:15

Altars:
Ashenzari
Cheibriados
Dithmenos
Elyvilon
Fedhas
Gozag
Hepliaklqana
Kikubaaqudgha
Makhleb
Nemelex Xobeh
Okawaru
Qazlal
Ru
Sif Muna
Trog
Uskayaw
Vehumet
Wu Jian
Xom
Yredelemnul
Zin
The Shining One

Shops:
D:5 ?   D:8 [   D:13 *   Orc:1 =   Orc:2 (:*[   Shoals:1 ?


Innate Abilities, Weirdness & Mutations

You are frail. (-10% HP)
You are highly resistant to hostile enchantments. (MR++)
Your natural rate of healing is unusually fast.
You are resistant to electric shocks. (rElec)


Message History

You block the merfolk impaler's attack.
The manticore flicks its tail.
The volley of spikes hits you!
The barbed spikes become lodged in your body.
* * * LOW HITPOINT WARNING * * *
The merfolk throws a throwing net.
The throwing net hits you.
You become entangled in the net!
The snapping turtle moves out of view.
Things that are here:
a throwing net; a harpy corpse x2
Your shield is strengthened by the Shining One's divine power.
You feel slightly more hungry.
You can no longer summon a divine warrior.
You feel sick. The merfolk impaler barely misses you.
The merfolk aquamancer points at you and mumbles some strange words.
The ball of steam hits you!!
* * * LOW HITPOINT WARNING * * *
The alligator snapping turtle bites you but does no damage.
A sea snake comes into view.
The merfolk impaler hits you with a +0 trident!
You die...

≈≈≈≈≈≈≈≈#
≈≈≈≈≈≈≈.#
≈≈.....m#
≈≈≈≈.###..#
≈≈≈≈ #H.#
≈≈≈≈.###..##
≈≈≈≈≈..≈≈..#
≈≈≈≈≈..)≈..#
########m@##
####
#tm####.....
##SS....S..≈
#SSt†..≈≈≈≈
#≈≈..≈≈≈≈≈≈
#≈≈≈≈≈≈≈≈≈≈
#≈?...≈≈≈≈≈
#......≈≈≈≈
.......≈≈≈≈


You could see an alligator snapping turtle, a merfolk impaler, 4 sea snakes, a
merfolk aquamancer, a snapping turtle, a merfolk and a manticore.

Vanquished Creatures
  A fire giant (D:15)
  An orc warlord (Orc:2)
  Louise (D:14)
  An emperor scorpion (Lair:6)
  4 dire elephants (Lair:6)
  Azrael (D:14)
  The ghost of Meegle the Eclecticist, a journeyman DEFE of Vehumet (Shoals:3)
  The ghost of Mrkan the Fencer, a journeyman MiMo of Trog (D:11)
  An ettin (Orc:2)
  Josephine (D:12)
  3 ice dragons
  A rakshasa (D:15)
  Harold (D:9)
  8 hydras
  Fannar (D:12)
  A vault guard (D:13)
  An anaconda (Lair:6)
  Erica (D:9)
  8 two-headed ogres
  6 centaur warriors
  A satyr (Shoals:3)
  2 death knights
  2 tengu warriors (D:15)
  3 death yaks (Lair:3)
  3 orc high priests (Orc:2)
  Sonja (D:10)
  Nergalle (D:10)
  2 skeletal warriors (D:11)
  2 unseen horrors (D:13)
  2 sea snakes (Shoals:3)
  A wizard (D:15)
  A lindwurm (Volcano)
  Pikel (D:7)
  A deep elf mage (D:14)
  3 orc knights (Orc:2)
  8 harpies
  The ghost of Brecoman the Abyss-Baptised, a novice DsAK of Lugonu (D:7)
  A faun (Shoals:1)
  5 orc sorcerers
  7 ugly things
  9 manticores
  A moth of wrath (D:11)
  4 elephants (Lair:6)
  6 cyclopes
  2 ice statues (IceCv)
  3 black mambas
  3 molten gargoyles
  3 water nymphs (Shoals:3)
  15 spiny frogs
  5 komodo dragons
  A torpor snail (Lair:6)
  5 gargoyles
  4 rime drakes
  2 efreet (Volcano)
  4 yaktaurs
  2 kobold demonologists
  5 trolls
  4 merfolk
  6 wind drakes
  Prince Ribbit (D:6)
  2 polar bears
  3 slime creatures (D:14)
  11 hippogriffs
  16 blink frogs
  A dream sheep (Shoals:1)
  4 snapping turtles (Shoals:3)
  A spriggan (Lair:1)
  2 shadows
  4 water elementals
  Eustachio (D:6)
  A wyvern (D:14)
  9 fire elementals
  8 wraiths
  39 yaks
  A hungry ghost (D:14)
  A steam dragon (D:8)
  3 hogs (D:15)
  Grum (D:11)
  2 basilisks
  3 vampire mosquitoes (D:14)
  3 wargs (Orc:2)
  Edmund (D:6)
  3 nagas (Lair:3)
  14 water moccasins
  3 soldier ants
  Duvessa (D:5)
  An acid dragon (D:13)
  2 hell hounds (D:14)
  7 porcupines
  4 sky beasts
  3 slaves (D:7)
  18 ice beasts
  An ice beast (shapeshifter) (D:13)
  Purgy (Sewer)
  3 black bears
  4 phantoms
  17 centaurs
  10 ogres
  A necrophage (D:8)
  31 orc warriors
  16 wolves
  19 crocodiles
  3 big kobolds (D:14)
  16 bullfrogs
  4 earth elementals (Volcano)
  A gnoll sergeant (D:8)
  Dowan (D:5)
  A wyvern skeleton (D:13)
  6 scorpions
  25 killer bees
  8 wights
  2 howler monkeys (D:14)
  An electric eel (Lair:6)
  9 crimson imps
  3 bullfrog zombies
  A human zombie (Ossuary)
  3 centaur zombies
  6 jellies
  Crazy Yiuf (D:5)
  13 orc priests
  5 hounds
  19 orc wizards
  2 bullfrog skeletons
  3 centaur skeletons
  2 gnoll shamans
  9 iguanas
  Natasha (thrice) (D:3)
  11 worker ants
  A killer bee zombie (D:8)
  A hound zombie (D:7)
  2 hound skeletons
  4 mummies
  A worker ant zombie (D:5)
  Robin (D:3)
  14 gnolls
  2 river rats (D:6)
  10 adders
  3 shadow imps
  6 oozes
  2 adder zombies (Ossuary)
  4 adder skeletons (D:8)
  3 worms
  5 dart slugs
  7 leopard geckos
  87 orcs
  7 ball pythons
  6 giant cockroaches
  16 goblins
  10 hobgoblins
  6 jackals
  6 quokkas
  8 bats
  9 frilled lizards
  4 goblin zombies
  4 hobgoblin zombies
  25 kobolds
  2 kobold zombies (Ossuary)
  A leopard gecko skeleton (D:5)
  6 quokka zombies (Ossuary)
  16 rats
  A rat zombie (Ossuary)
  A fire vortex (Volcano)
  4 fungi
  14 plants
910 creatures vanquished.

Vanquished Creatures (collateral kills)
  Frances (Shoals:1)
  Kirke (D:15)
  2 dire elephants (Lair:6)
  A hydra (D:15)
  A merfolk avatar (Shoals:1)
  A sea snake (Shoals:1)
  2 oklob plants (Shoals:1)
  2 cyclopes
  A manticore (Shoals:1)
  A merfolk siren (Shoals:1)
  3 merfolk (Shoals:1)
  2 polar bears (D:15)
  A snapping turtle (Shoals:1)
  3 dream sheep (Shoals:1)
  A water elemental (Shoals:1)
  A yak (D:15)
  A hornet zombie (D:15)
  3 wights (D:15)
  3 plants (Shoals:1)
31 creatures vanquished.

Vanquished Creatures (others)
  A lindwurm (Volcano)
  A troll (D:14)
  A water elemental (Shoals:4)
  An orc warrior (Orc:2)
  An ogre (D:7)
  3 humans
  A howler monkey (D:14)
  A fire vortex (Volcano)
  6 fungi
  A plant (Lair:6)
17 creatures vanquished.

Grand Total: 958 creatures vanquished

Notes
Turn   | Place    | Note
-------+----------+-------------------------------------------
     0 | D:1      | Revguard the Hill Orc Fighter began the quest for the Orb.
     0 | D:1      | Reached XP level 1. HP: 19/19 MP: 1/1
   183 | D:1      | Reached XP level 2. HP: 27/27 MP: 2/2
   421 | D:1      | Reached XP level 3. HP: 30/33 MP: 3/3
   880 | D:1      | Gained mutation: You evolve. [potion of mutation]
   880 | D:1      | Gained mutation: You are frail. (-10% HP) [potion of
                  | mutation]
   880 | D:1      | Gained mutation: You are partially covered in yellow
                  | scales. (AC +2) [potion of mutation]
   880 | D:1      | Gained mutation: Your natural rate of healing is unusually
                  | fast. [potion of mutation]
  1116 | D:2      | Reached XP level 4. HP: 36/36 MP: 4/4
  1418 | D:2      | Found a radiant altar of Vehumet.
  1639 | D:2      | Reached XP level 5. HP: 41/41 MP: 4/9
  1746 | D:3      | Noticed Natasha
  1778 | D:3      | Killed Natasha
  2063 | D:3      | Noticed Robin
  2072 | D:3      | Killed Robin
  2082 | D:3      | Reached XP level 6. HP: 46/46 MP: 10/10
  2157 | D:3      | Found an ancient bone altar of Kikubaaqudgha.
  2159 | D:3      | Noticed a human
  2161 | D:3      | Killed a human
  2386 | D:3      | Noticed Natasha
  2403 | D:3      | Killed Natasha
  2544 | D:3      | Noticed Natasha
  2554 | D:3      | Killed Natasha
  3168 | D:4      | Reached XP level 7. HP: 54/54 MP: 11/11
  3292 | D:4      | Found a sand-covered staircase.
  3300 | Ossuary  | Entered an ossuary
  3612 | D:4      | Gained mutation: You are resistant to hostile enchantments.
                  | (MR+) [evolution]
  4013 | D:5      | Entered Level 5 of the Dungeon
  4013 | D:5      | Noticed Dowan
  4019 | D:5      | Noticed Duvessa
  4050 | D:5      | Reached XP level 8. HP: 41/60 MP: 12/12
  4094 | D:5      | Killed Duvessa
  4101 | D:5      | Killed Dowan
  4101 | D:5      | Reached skill level 1 in Evocations
  4114 | D:5      | Reached skill level 1 in Dodging
  4243 | D:5      | Found Rogrir's Magic Scroll Boutique.
  4272 | D:5      | Bought a scroll of remove curse for 36 gold pieces
  4360 | D:5      | Found a runed translucent door.
  4361 | D:5      | Noticed Crazy Yiuf
  4377 | D:5      | Killed Crazy Yiuf
  4377 | D:5      | Reached skill level 10 in Shields
  4875 | D:6      | Found a glowing drain.
  4903 | Sewer    | Entered a sewer
  4924 | Sewer    | Noticed Purgy
  4931 | Sewer    | Killed Purgy
  5144 | D:6      | Noticed Eustachio
  5165 | D:6      | Killed Eustachio
  5165 | D:6      | Reached XP level 9. HP: 65/65 MP: 13/13
  5205 | D:6      | Noticed Edmund
  5213 | D:6      | Killed Edmund
  5213 | D:6      | Reached skill level 10 in Axes
  5299 | D:6      | Noticed Prince Ribbit
  5402 | D:6      | Found a transporter.
  5408 | D:6      | Noticed a kobold demonologist
  5426 | D:6      | Found a transporter.
  5468 | D:6      | Reached skill level 5 in Fighting
  5494 | D:6      | Killed Prince Ribbit
  5705 | D:6      | Killed a kobold demonologist
  5989 | D:7      | Noticed a troll
  6012 | D:7      | Killed a troll
  6012 | D:7      | Reached XP level 10. HP: 70/72 MP: 14/14
  6165 | D:7      | Noticed Brecoman's ghost (novice DsAK)
  6179 | D:7      | Found a transporter.
  6184 | D:7      | Found a transporter.
  6463 | D:7      | Found a staircase to the Ecumenical Temple.
  6463 | D:7      | Noticed Pikel
  6488 | D:7      | Killed Pikel
  6538 | Temple   | Entered the Ecumenical Temple
  6576 | Temple   | Gained mutation: You are partially covered in large bone
                  | plates. (SH +4) [evolution]
  6576 | Temple   | Lost mutation: You evolve. [end of evolution]
  6883 | Temple   | Became a worshipper of the Shining One
  7048 | D:7      | Killed Brecoman's ghost
  7154 | D:8      | Found Jemuon's Antique Armour Shoppe.
  7181 | D:8      | Bought a large shield for 94 gold pieces
  7459 | D:8      | Reached * piety under the Shining One
  7592 | D:8      | Reached XP level 11. HP: 80/80 MP: 15/15
  7749 | D:8      | Noticed a two-headed ogre
  7757 | D:8      | Killed a two-headed ogre
  8261 | D:9      | Noticed Harold
  8286 | D:9      | Killed Harold
  8427 | D:9      | Reached ** piety under the Shining One
  8504 | D:9      | Reached skill level 5 in Evocations
  8579 | D:9      | Noticed Erica
  8593 | D:9      | Killed Erica
  8731 | D:9      | Noticed a two-headed ogre
  8737 | D:9      | Killed a two-headed ogre
  8916 | D:10     | Entered Level 10 of the Dungeon
  8919 | D:10     | Noticed a two-headed ogre
  8928 | D:10     | Killed a two-headed ogre
  9132 | D:10     | Noticed Sonja
  9136 | D:10     | Killed Sonja
  9333 | D:10     | Noticed Nergalle
  9351 | D:10     | Killed Nergalle
  9351 | D:10     | Reached XP level 12. HP: 86/87 MP: 17/17
  9807 | D:11     | Found a staircase to the Lair.
  9819 | D:11     | Found a transporter.
  9835 | D:11     | Noticed Mrkan's ghost (journeyman MiMo)
  9952 | D:11     | Noticed Grum
  9978 | D:11     | Killed Grum
  9992 | D:11     | Reached *** piety under the Shining One
  9993 | D:11     | Found a shattered altar of Ashenzari.
 10010 | D:11     | Noticed a death knight
 10028 | D:11     | Killed a death knight
 10116 | D:11     | Noticed a two-headed ogre
 10127 | D:11     | Killed a two-headed ogre
 10205 | D:11     | Found a transporter.
 10305 | D:11     | Killed Mrkan's ghost
 10529 | D:11     | Found a staircase to the Orcish Mines.
 10779 | D:12     | Noticed a two-headed ogre
 10793 | D:12     | Killed a two-headed ogre
 10793 | D:12     | Reached XP level 13. HP: 80/96 MP: 19/19
 10821 | D:12     | Noticed Fannar
 10845 | D:12     | Killed Fannar
 11015 | D:12     | Found a hazy altar of Hepliaklqana.
 11122 | D:12     | Noticed Josephine
 11124 | D:12     | Reached **** piety under the Shining One
 11136 | D:12     | Killed Josephine
 11968 | D:13     | Reached skill level 15 in Axes
 12043 | D:13     | Noticed a vault guard
 12047 | D:13     | Killed a vault guard
 12060 | D:13     | Reached skill level 10 in Invocations
 12086 | D:13     | Found a gate to the Vaults.
 12125 | D:13     | Found Eoosekko's Eclectic Emporium.
 12141 | D:13     | Bought a potion of experience for 700 gold pieces
 12142 | D:13     | Reached skill level 10 in Fighting
 12142 | D:13     | Reached XP level 14. HP: 108/108 MP: 21/21
 12365 | D:14     | Noticed Azrael
 12414 | D:14     | Killed Azrael
 12414 | D:14     | Reached skill level 15 in Shields
 12498 | D:14     | Reached ***** piety under the Shining One
 12509 | D:14     | Reached XP level 15. HP: 113/113 MP: 22/22
 12604 | D:14     | Reached skill level 10 in Armour
 12817 | D:14     | Found a white marble altar of Elyvilon.
 13027 | D:14     | Noticed Louise
 13044 | D:14     | Killed Louise
 13278 | D:15     | Entered Level 15 of the Dungeon
 13326 | D:15     | Noticed Kirke
 13365 | D:15     | Killed Kirke
 13532 | D:15     | Found a frozen archway.
 13567 | IceCv    | Entered an ice cave
 14159 | D:15     | Noticed a fire giant
 14176 | D:15     | Killed a fire giant
 14180 | D:15     | Found a staircase to the Depths.
 14451 | Orc:1    | Entered Level 1 of the Orcish Mines
 14451 | Orc:1    | Found Qostrono's Jewellery Shop.
 14465 | Orc:1    | Bought an uncursed amulet of regeneration for 420 gold
                  | pieces
 14930 | Orc:2    | Entered Level 2 of the Orcish Mines
 15056 | Orc:2    | Found Gakeuro's Antique Weapon Shoppe.
 15064 | Orc:2    | Noticed an orc warlord
 15089 | Orc:2    | Killed an orc warlord
 15099 | Orc:2    | Found a staircase to the Elven Halls.
 15115 | Orc:2    | Reached XP level 16. HP: 32/124 MP: 25/25
 15172 | Orc:2    | Found Fypry's General Store.
 15230 | Orc:2    | Found Pumumiuf's Antique Armour Boutique.
 15256 | Orc:2    | Gained mutation: Your body sometimes deteriorates upon
                  | taking damage. [a neqoxec]
 15265 | Orc:2    | Gained mutation: You occasionally shout uncontrollably at
                  | your foes. [a neqoxec]
 15304 | Orc:2    | Bought a runed scarf for 216 gold pieces
 15344 | Orc:2    | Found a radiant altar of Vehumet.
 15424 | Orc:2    | Found Idarimy's Book Boutique.
 15772 | Lair:1   | Entered Level 1 of the Lair of Beasts
 16916 | Lair:2   | Found a staircase to the Shoals.
 17086 | Lair:2   | Found a shattered altar of Ashenzari.
 17417 | Lair:3   | Got a translucent helmet
 17435 | Lair:3   | Identified the cursed +0 helmet "Lulleli" {Dex+4} (You
                  | found it on level 3 of the Lair of Beasts)
 17452 | Lair:3   | Found a staircase to the Snake Pit.
 17507 | Lair:3   | Reached skill level 10 in Evocations
 19707 | Lair:5   | Found a staircase to the Slime Pits.
 19843 | Lair:6   | Entered Level 6 of the Lair of Beasts
 20146 | Lair:6   | Found a dark tunnel.
 20166 | Volcano  | Entered a volcano
 20395 | Volcano  | Got a steaming hat
 20451 | Volcano  | Identified the cursed +0 hat "Uliret" {+Inv Str+3 Stlth-}
                  | (You found it in a volcano)
 20637 | Lair:6   | Lost mutation: You are partially covered in yellow scales.
                  | (AC +2) [potion of mutation]
 20637 | Lair:6   | Lost mutation: You occasionally shout uncontrollably at
                  | your foes. [potion of mutation]
 20637 | Lair:6   | Gained mutation: Your flesh is heat resistant. (rF+)
                  | [potion of mutation]
 20638 | Lair:6   | Lost mutation: Your body sometimes deteriorates upon taking
                  | damage. [potion of mutation]
 20638 | Lair:6   | Lost mutation: You are partially covered in large bone
                  | plates. (SH +4) [potion of mutation]
 20638 | Lair:6   | Lost mutation: Your flesh is heat resistant. (rF+) [potion
                  | of mutation]
 20638 | Lair:6   | Gained mutation: You are highly resistant to hostile
                  | enchantments. (MR++) [potion of mutation]
 20638 | Lair:6   | Gained mutation: You are resistant to electric shocks.
                  | (rElec) [potion of mutation]
 21245 | Lair:6   | Reached XP level 17. HP: 64/133 MP: 21/27
 21463 | Shoals:1 | Entered Level 1 of the Shoals
 21642 | Shoals:1 | Identified a scroll of acquirement
 21799 | Shoals:1 | Noticed Frances
 21808 | Shoals:1 | Killed Frances
 22027 | Shoals:1 | Found Zuupsuz's Magic Scroll Shop.
 22332 | Shoals:2 | You fall through a shaft!
 22851 | Shoals:3 | Found a runed translucent door.
 22851 | Shoals:3 | Noticed Meegle's ghost (journeyman DEFE)
 22864 | Shoals:3 | Killed Meegle's ghost
 23325 | Shoals:4 | Entered Level 4 of the Shoals
 23369 | Shoals:4 | HP: 4/133 [merfolk aquamancer/ball of steam (24)]
 23369 | Shoals:4 | Slain by a merfolk impaler

Skill      XL: |  1  2  3  4  5  6  7  8  9 10 11 12 13 14 15 16 17 |
---------------+----------------------------------------------------+-----
Fighting       | 4 5 6 7 10 11 12 | 12.9
Axes           | 3 7 8 9 10 12 13 14 15 16 17 | 17.6
Shields        | 4 9 10 11 13 14 15 16 17 | 17.3
Armour         | 6 7 8 9 10 11 | 11.4
Invocations    | 6 8 10 12 13 14 | 14.2
Evocations     | 1 3 4 5 6 7 8 9 10 | 10.8
Dodging        | 1 2 3 |  3.5

Action                   |  1- 3 |  4- 6 |  7- 9 | 10-12 | 13-15 | 16-18 || total
-------------------------+-------+-------+-------+-------+-------+-------++-------
Melee: War axe           |   148 |   163 |   376 |   569 |   666 |   930 ||  2852
       Hand axe          |       |       |       |    75 |    16 |       ||    91
       Unarmed           |       |       |       |       |    11 |       ||    11
Invok: Divine Shield     |       |       |       |     1 |       |     1 ||     2
       Cleansing Flame   |       |       |       |       |     5 |     4 ||     9
       Summon Divine War |       |       |       |       |     2 |     5 ||     7
Evoke: Wand              |       |       |    20 |     3 |    12 |    26 ||    61
  Use: Scroll            |     3 |     6 |     8 |     7 |    11 |    17 ||    52
       Potion            |     1 |     2 |     5 |     2 |     4 |     5 ||    19
  Eat: Chunk             |     1 |     6 |    18 |    18 |    15 |    19 ||    77
       Ration            |       |       |     2 |       |       |     1 ||     3
Armor: Scale mail        |    74 |    28 |       |       |       |       ||   102
       Chain mail        |       |    33 |   173 |   192 |    81 |       ||   479
       Plate armour      |       |       |       |       |    71 |   299 ||   370
Dodge: Dodged            |    43 |    51 |    94 |    81 |    86 |   125 ||   480
Block: Shield            |    76 |   106 |   301 |    94 |       |       ||   577
       Large shield      |       |       |       |   643 |   757 |   923 ||  2323
